 Dungeon Crawl Stone Soup version 0.30-a0-728-gc68057be0a (webtiles) character file.

Game seed: 1375164038005237327

121 browni3141 the Digger (level 5, -2/37 HPs)
             Began as a Human Earth Elementalist on Jan 30, 2023.
             Slain by a gnoll bouda
             ... wielding a +0 whip
              (9 damage)
             ... on level 4 of the Dungeon.
             The game lasted 00:05:03 (3456 turns).

browni3141 the Digger (Human Earth Elementalist)    Turns: 3456, Time: 00:05:03

Health: -2/37      AC:  2    Str:  9    XL:     5   Next: 26%
Magic:  0/8        EV: 12    Int: 17    God:
Gold:   47         SH:  0    Dex: 13    Spells: 2/8 levels left

rFire   . . .      SeeInvis .    g - +0 dagger
rCold   . . .      Faith    .    (no shield)
rNeg    . . .      Spirit   .    a - +0 robe
rPois   .          Reflect  .    (no helmet)
rElec   .          Harm     .    (no cloak)
rCorr   .          Rampage  .    (no gloves)
Will    .....                    (no boots)
Stlth   ++                       (no amulet)
HPRegen 0.26/turn                (no ring)
MPRegen 0.11/turn                (no ring)

@: no status effects
A: no striking features
a: no special abilities


You were on level 4 of the Dungeon.
You visited 1 branch of the dungeon, and saw 4 of its levels.

You collected 131 gold pieces.
You spent 84 gold pieces at shops.

Inventory:

Hand Weapons
 e - a +0 whip
 g - a +0 dagger (weapon)
 k - a +0 short sword
Armour
 a - a +0 robe (worn)
Scrolls
 i - a scroll of fog
 p - a scroll of blinking
 q - 2 scrolls of teleportation
 r - a scroll of poison
Potions
 b - a potion of magic
 c - a potion of berserk rage {unknown}
 d - a potion of mutation {unknown}
 f - a potion of flight {unknown}
 j - 3 potions of curing
 l - a potion of haste {unknown}
 m - a potion of attraction {unknown}
 n - 2 potions of might
 o - a potion of cancellation {unknown}


   Skills:
 * Level 1.0 Fighting
 * Level 2.0 Dodging
 * Level 2.0 Stealth
 - Level 2.0 Spellcasting
 - Level 3.0 Conjurations
 - Level 3.0 Transmutations
 - Level 3.0 Earth Magic


You had 2 spell levels left.
You knew the following spells:

 Your Spells              Type           Power      Damage    Failure   Level
a - Sandblast             Erth           22%        2d7       5%          1
b - Passwall              Tmut/Erth      9%         N/A       9%          2
c - Stone Arrow           Conj/Erth      22%        3d8       17%         3

Your spell library contained the following spells:

 Spells                   Type           Power      Damage    Failure   Level
 Petrify                  Tmut/Erth      11%        N/A       50%         4
 Borgnjor's Revivificati  Necr           0%         N/A       100%        8
 Necromutation            Tmut/Necr      3%         N/A       100%        8
 Death's Door             Necr           0%         N/A       100%        9


Dungeon Overview and Level Annotations

Branches:
Dungeon (4/15)
 Temple: D:4-7

Altars:
Trog

Shops:
D:3 !


Message History

The gnoll bouda is lightly wounded.
The blast of sand misses the gnoll bouda.
The gnoll bouda closely misses you.
Press: ? - help, v - describe, . - travel
Here: a gnoll bouda, wielding a +0 whip and wearing a +0 robe (lightly wounded)
The floor.
Unknown command.
The blast of sand hits the gnoll bouda.
The gnoll bouda is lightly wounded.
Your attacks no longer feel as feeble.
The gnoll bouda closely misses you.
The gnoll bouda hits you with a +0 whip.
You miscast Sandblast.
You are very lightly contaminated with residual magic.
Nothing appears to happen.
The gnoll bouda gazes fiercely through you!
You feel your attacks grow feeble. The gnoll bouda closely misses you.
You barely miss the gnoll bouda.
The gnoll bouda is lightly wounded.
The gnoll bouda barely misses you.
You hit the gnoll bouda but do no damage.
The gnoll bouda is lightly wounded.
The gnoll bouda hits you with a +0 whip!
* * * LOW HITPOINT WARNING * * *
Your attacks no longer feel as feeble.
The gnoll bouda hits you but does no damage.
The gnoll bouda attacks as you move away!
The gnoll bouda barely misses you.
Found 14 gold pieces.
Aiming: Sandblast (safe; 5% risk of failure)
Press: ? - help, Q - select action, (/) - cycle Shift-Dir - straight line, f/p - gnoll bouda
Aim: a gnoll bouda, wielding a +0 whip and wearing a +0 robe (lightly wounded, 84% to hit)
The blast of sand hits the gnoll bouda.
The gnoll bouda is lightly wounded.
The gnoll bouda hits you with a +0 whip.
* * * LOW HITPOINT WARNING * * *
Your magical contamination has completely faded away.
The gnoll bouda attacks as you move away!
The gnoll bouda hits you with a +0 whip!
You die...

# #.###
#....#####
#........#
#..$@g..#
#######..#
.##8###8#..#
..........<#
.....).....#
..........##
###8###8###
# ###


You could see a gnoll bouda.

Vanquished Creatures
  2 gnolls
  3 adders
  A shadow imp (D:3)
  2 worms
  A dart slug (D:3)
  7 bats
  5 endoplasms
  3 giant cockroaches
  4 goblins
  3 hobgoblins
  8 jackals
  5 kobolds
  2 quokkas (D:1)
  3 ball pythons
  5 rats
54 creatures vanquished.

Vanquished Creatures (others)
  2 plants (D:1)
2 creatures vanquished.

Grand Total: 56 creatures vanquished

Notes
Turn   | Place    | Note
-------+----------+-------------------------------------------
     0 | D:1      | browni3141 the Human Earth Elementalist began the quest for
                  | the Orb.
     0 | D:1      | Reached XP level 1. HP: 13/13 MP: 3/3
   183 | D:1      | Reached skill level 1 in Fighting
   226 | D:1      | Reached XP level 2. HP: 13/21 MP: 0/5
   600 | D:1      | Learned a level 2 spell: Passwall
   785 | D:1      | Reached XP level 3. HP: 26/26 MP: 2/6
  1452 | D:2      | Learned a level 3 spell: Stone Arrow
  1489 | D:2      | Found a bloodstained altar of Trog.
  1576 | D:2      | Reached skill level 1 in Conjurations
  1576 | D:2      | Reached XP level 4. HP: 32/32 MP: 4/7
  2448 | D:3      | Found Qaottuth's Distillery.
  2510 | D:3      | Bought a potion of curing for 36 gold pieces
  2510 | D:3      | Bought a potion of might for 48 gold pieces
  2873 | D:3      | Reached XP level 5. HP: 35/37 MP: 3/8
  2946 | D:3      | Found a faded altar of an unknown god.
  3456 | D:4      | Slain by a gnoll bouda

Illustrated notes

Levels and vault maps discovered:
D:1:      kennysheep_arrival_seaside, layout_loops_ring, moated_statue,
          serial_bayou_pond_c, st_stairs_13, hex_medium, minmay_3d_cube
D:2:      layout_basic, basic_altar, chequers_serial_rivers_room_b
D:3:      layout_basic, serial_shops, shop_fountains,
          shapermc_ecumenical_altar_hornbeckon, hangedman_decor_growths,
          minmay_misc_feat_x
D:4:      layout_rooms, serial_corexii_hall, corexii_hall_statues_t,
          chequers_hall_statues_corner_a

Skill      XL: |  1  2  3  4  5 |
---------------+----------------+-----
Fighting       | 1 |  1.0
Transmutations | 2 3 |  3.0
Conjurations   | 1 2 3 |  3.0
Dodging        | |  2.0
Stealth        | |  2.0
Spellcasting   | |  2.0
Earth Magic    | |  3.0

Action                     |  1- 3 |  4- 6 || total
---------------------------+-------+-------++-------
  Melee: Unarmed           |    27 |       ||    27
         Dagger            |    16 |    26 ||    42
         Punch             |     1 |       ||     1
   Cast: Sandblast         |    52 |    56 ||   108
         Stone Arrow       |       |     1 ||     1
         Passwall          |       |     1 ||     1
    Use: Scroll            |       |     6 ||     6
   Stab: Sleeping          |     1 |       ||     1
 Armour: Robe              |    20 |    13 ||    33
  Dodge: Dodged            |    71 |    53 ||   124

Table legend: (Time is in decaauts)
 A = Elapsed time spent in this place.
 B = Non-inter-level travel time spent in this place.
 C = Inter-level travel time spent in this place.
 D = Time resting spent in this place.
 E = Time spent auto-exploring this place.
 F = Levels seen in this place.
 G = Mean time per level.
                   A        B        C        D        E       F      G
               +--------+--------+--------+--------+--------+-----+--------+
         Total |   3522 |   3343 |    179 |    114 |   2692 |   4 |  880.5 |
       Dungeon |   3522 |   3343 |    179 |    114 |   2692 |   4 |  880.5 |
               +--------+--------+--------+--------+--------+-----+--------+

Top non-repeatable levels by time:
     D:1: 1236 daAuts
     D:2: 1116 daAuts
     D:3: 1108 daAuts
     D:4: 61 daAuts
